 Dungeon Crawl Stone Soup version 0.29.1-15-g9cfb28693d (webtiles) character file.

Game seed: 10142853024473313259

133 DemonSlayer the Digger (level 4, 0/31 HPs)
             Began as a Demonspawn Earth Elementalist on Feb 27, 2023.
             Slain by an orc
             ... wielding a +0 hand axe
              (4 damage)
             ... on level 4 of the Dungeon.
             The game lasted 00:04:11 (2969 turns).

DemonSlayer the Digger (DsEE)                       Turns: 2969, Time: 00:04:12

Health: 0/31       AC:  2    Str: 11    XL:     4   Next: 93%
Magic:  6/9        EV: 12    Int: 16    God:
Gold:   118        SH:  0    Dex: 13    Spells: 3/9 levels left

rFire   . . .      SeeInvis .   i - +4 dagger (drain)
rCold   . . .      Faith    .   (no shield)
rNeg    + . .      Spirit   .   a - +0 robe
rPois   .          Reflect  .   (no helmet)
rElec   .          Harm     .   q - scarf {shadows}
rCorr   .          Rampage  .   (no gloves)
Will    .....                   (no boots)
Stlth   ++........              (no amulet)
HPRegen 0.10/turn               j - ring of positive energy
MPRegen 0.11/turn               (no ring)

@: about to teleport
A: claws 1, demonic magic 1
a: no special abilities


You were on level 4 of the Dungeon.
You visited 1 branch of the dungeon, and saw 4 of its levels.

You collected 118 gold pieces.

Inventory:

Hand Weapons
 i - a +4 dagger of draining (weapon)
Missiles
 g - 3 throwing nets
Armour
 a - a +0 robe (worn)
 q - a scarf of shadows (worn)
Jewellery
 j - a ring of positive energy (left claw)
Wands
 k - a wand of roots (10)
Scrolls
 c - 3 scrolls of teleportation
 d - 3 scrolls of amnesia {unknown}
 m - 2 scrolls of torment {unknown}
 n - a scroll of magic mapping {unknown}
Potions
 b - a potion of magic
 e - 3 potions of curing
 f - a potion of haste {unknown}
 h - 3 potions of lignification {unknown}
 l - a potion of flight
 o - a potion of degeneration {unknown}
 p - a potion of brilliance {unknown}


   Skills:
 + Level 0.4 Fighting
 + Level 2.1 Dodging
 + Level 2.4 Stealth
 + Level 3.3 Spellcasting
 + Level 0.8 Transmutations
 + Level 3.7 Earth Magic


You had 3 spell levels left.
You knew the following spells:

 Your Spells              Type           Power      Damage    Failure   Level
a - Sandblast             Erth           28%        2d8       3%          1
b - Passwall              Tmut/Erth      8%         N/A       11%         2
c - Stone Arrow           Conj/Erth      16%        3d8       26%         3

Your spell library contained the following spells:

 Spells                   Type           Power      Damage    Failure   Level
 Gell's Gravitas          Tloc           2%         N/A       47%         3
 Lesser Beckoning         Tloc           2%         N/A       47%         3
 Teleport Other           Tloc           2%         N/A       47%         3
 Petrify                  Tmut/Erth      10%        N/A       56%         4


Dungeon Overview and Level Annotations

Branches:
Dungeon (4/15)
 Temple: D:4-7

Altars:

Annotations:
D:2 1 runed translucent door, Crazy Yiuf


Innate Abilities, Weirdness & Mutations

You have sharp fingernails.
Spells you cast may paralyse adjacent enemies.


Message History

The orc wizard gestures wildly while chanting.
The orc wizard flickers and vanishes!
Deactivating autopickup; reactivate with Ctrl-A.
The blast of sand hits the orc priest.
The orc priest is severely wounded.
Malevolent energies surge around you. The orc priest closely misses you.
You hear some strange, mumbled words.
You are confused.
The orc priest hits you but does no damage.
You're too confused to cast spells.
Unknown command.
You're too confused to cast spells.
Unknown command.
The orc wizard attacks as you move away!
The orc wizard hits you with a +0 dagger.
A magic dart appears from out of thin air!
The magic dart hits you!
A goblin comes into view. It is wielding a +0 dagger.
The orc priest attacks as you move away!
The orc priest hits you with a +0 dagger.
You nearly stumble into some deep water!
The orc wizard gestures at you while chanting.
The puff of flame hits you.
You're too confused to cast spells.
The orc priest hits you with a +0 dagger.
The orc wizard hits you with a +0 dagger.
The orc hits you with a +0 hand axe.
* * * LOW HITPOINT WARNING * * *
You feel better.
The orc priest hits you with a +0 dagger.
Something hits you.
The orc wizard hits you with a +0 dagger.
The orc hits you with a +0 hand axe.
* * * LOW HITPOINT WARNING * * *
As you read the scroll of teleportation, it crumbles to dust.
You feel strangely unstable. The orc priest barely misses you.
The orc wizard hits you with a +0 dagger.
* * * LOW HITPOINT WARNING * * *
The orc hits you with a +0 hand axe.
You die...

.. ≈# ... ≈#
...≈ ≈#
...≈#####≈#
...≈≈≈≈≈≈≈##
.....oo@...##
......oo{...##
.....g...?...#
............##
...........##
.........###
........##
.......##
......##


You could see an orc priest, an orc wizard, 2 orcs and a goblin.

Vanquished Creatures
  Jessica (D:2)
  5 adders
  A dart slug (D:2)
  5 orcs (D:3)
  4 ball pythons
  3 endoplasms (D:1)
  A giant cockroach (D:3)
  8 hobgoblins
  2 quokkas
  3 bats (D:2)
  3 frilled lizards
  5 goblins
  5 kobolds
  11 rats
57 creatures vanquished.

Notes
Turn   | Place    | Note
-------+----------+-------------------------------------------
     0 | D:1      | DemonSlayer the Demonspawn Earth Elementalist began the
                  | quest for the Orb.
     0 | D:1      | Reached XP level 1. HP: 13/13 MP: 3/3
   322 | D:1      | Gained mutation: Spells you cast may paralyse adjacent
                  | enemies. [demonic ancestry]
   322 | D:1      | Reached XP level 2. HP: 19/19 MP: 1/5
  1004 | D:1      | Learned a level 2 spell: Passwall
  1085 | D:2      | Reached XP level 3. HP: 24/24 MP: 1/6
  1272 | D:2      | Noticed Jessica
  1275 | D:2      | Killed Jessica
  1364 | D:2      | Gained mutation: You have sharp fingernails. [demonic
                  | ancestry]
  1364 | D:2      | Reached XP level 4. HP: 30/30 MP: 4/7
  1561 | D:2      | Found a runed translucent door.
  1562 | D:2      | Noticed Crazy Yiuf
  1794 | D:2      | Learned a level 3 spell: Stone Arrow
  2969 | D:4      | Slain by an orc

Illustrated notes

Levels and vault maps discovered:
D:1:      minmay_arrival_three_doors, layout_loops_corners
D:2:      layout_rooms, minmay_tromino_mix6, uniq_crazy_yiuf_cottage,
          uniq_jessica
D:3:      layout_basic, amcnicky_mini_pool_small
D:4:      layout_cave_pods, mainiacjoe_overflow_24_doors,
          nicolae_overflow_two_pavilions, mainiacjoe_overflow_paths,
          lemuel_crystal_altar

Skill      XL: |  1  2  3  4 |
---------------+-------------+-----
Dodging        | 2 |  2.1
Earth Magic    | 3 |  3.7
Stealth        | 2 |  2.4
Spellcasting   | 3 |  3.3
Fighting       | |  0.4
Transmutations | |  0.8

Action                   |  1- 3 |  4- 6 || total
-------------------------+-------+-------++-------
Melee: Unarmed           |     2 |       ||     2
       Dagger            |    19 |    10 ||    29
 Cast: Sandblast         |    28 |    42 ||    70
  Use: Scroll            |     2 |     2 ||     4
       Potion            |       |     1 ||     1
 Stab: Sleeping          |     4 |       ||     4
       Paralysed         |     3 |     4 ||     7
Armor: Robe              |     2 |     3 ||     5
Dodge: Dodged            |    17 |    17 ||    34
